TOP OF THE 1ST |
Cincinnati Reds batting - Pitching for Cleveland Indians : RHP Ben Cole
|
Pitching: RHP Ben Cole
|
|
Batting: RHB Joseph Kirchmann
|
0-0: Fly out, F6 (Line Drive, 6, EV 71.2 MPH)
|
Batting: RHB Fred Slade
|
0-0: Swinging Strike 0-1: Called Strike 0-2: Ball 1-2: Foul Ball, location: 2F 1-2: Ball 2-2: Strikes out looking
|
Batting: LHB Chris Grunwald
|
0-0: Ball 1-0: Fly out, F6 (Popup, 6, EV 73.1 MPH)
|
Top of the 1st over - 0 runs, 0 hits, 0 errors, 0 left on base; Cincinnati 0 - Cleveland 0 |
BOTTOM OF THE 1ST |
Cleveland Indians batting - Pitching for Cincinnati Reds : LHP Jeff Baker
|
Pitching: LHP Jeff Baker
|
|
Batting: LHB Arvin Dungca
|
0-0: Called Strike 0-1: Ball 1-1: Foul Ball, location: 2F 1-2: Ball 2-2: SINGLE (Groundball, 34D, EV 111.9 MPH)
|
Batting: RHB Doug Hammertime
|
0-0: Foul Ball, location: 2F 0-1: Ball 1-1: Called Strike 1-2: Ball 2-2: Foul Ball, location: 2F 2-2: Foul Ball, location: 2F 2-2: Foul Ball, location: 2F 2-2: Strikes out swinging
|
Batting: RHB Nick Ogle
|
0-0: Ball 1-0: Called Strike 1-1: Ball Arvin Dungca is caught stealing 2nd base 2-4 2-1: Foul Ball, location: 2F 2-2: Fly out, F8 (Flyball, 8RD, EV 98.1 MPH)
|
Bottom of the 1st over - 0 runs, 1 hit, 0 errors, 0 left on base; Cincinnati 0 - Cleveland 0 |
TOP OF THE 2ND |
Cincinnati Reds batting - Pitching for Cleveland Indians : RHP Ben Cole
|
Batting: SHB Dave Barefoot
|
0-0: Foul Ball, location: 2F 0-1: Ball 1-1: Foul Ball, location: 2F 1-2: Hit by Pitch
|
Batting: LHB Ricky Ayon
|
0-0: Ball 1-0: Called Strike 1-1: Called Strike 1-2: Ball 2-2: Ball 3-2: Strikes out swinging
|
Batting: SHB Saulo Maina
|
0-0: Fly out, F5 (Popup, 56, EV 77.5 MPH)
|
Batting: RHB Willie Lazcano
|
0-0: Ball 1-0: Ball 2-0: Called Strike 2-1: Ball 3-1: Base on Balls Dave Barefoot to second
|
Batting: LHB Jon Ledesma
|
0-0: Ball 1-0: Ball 2-0: Called Strike 2-1: Ball 3-1: Foul Ball, location: 2F 3-2: Foul Ball, location: 2F 3-2: Strikes out swinging
|
Top of the 2nd over - 0 runs, 0 hits, 0 errors, 2 left on base; Cincinnati 0 - Cleveland 0 |
BOTTOM OF THE 2ND |
Cleveland Indians batting - Pitching for Cincinnati Reds : LHP Jeff Baker
|
Batting: SHB Merrick Geter
|
0-0: Ball 1-0: Ball 2-0: Foul Ball, location: 2F 2-1: Ground out 6-3 (Groundball, 6, EV 80.0 MPH)
|
Batting: RHB Drtian Thaqi
|
0-0: Swinging Strike 0-1: Ball 1-1: Ball 2-1: Foul Ball, location: 2F 2-2: Ball 3-2: Strikes out looking
|
Batting: RHB Hiroshige Yamada
|
0-0: Ball 1-0: Called Strike 1-1: Swinging Strike 1-2: Ground out 4-3 (Groundball, 4, EV 106.2 MPH)
|
Bottom of the 2nd over - 0 runs, 0 hits, 0 errors, 0 left on base; Cincinnati 0 - Cleveland 0 |
TOP OF THE 3RD |
Cincinnati Reds batting - Pitching for Cleveland Indians : RHP Ben Cole
|
Batting: LHB Andy Arbuckle
|
0-0: Called Strike 0-1: Ball 1-1: Foul Ball, location: 2F 1-2: Ball 2-2: Ball 3-2: Ground out U3 (Groundball, 3L, EV 110.0 MPH)
|
Batting: RHB Joseph Kirchmann
|
0-0: Ball 1-0: Ground out 6-3 (Groundball, 6, EV 103.1 MPH)
|
Batting: RHB Fred Slade
|
0-0: Foul Ball, location: 2F 0-1: Ground out 1-3 (Groundball, 34S, EV 67.5 MPH)
|
Top of the 3rd over - 0 runs, 0 hits, 0 errors, 0 left on base; Cincinnati 0 - Cleveland 0 |
BOTTOM OF THE 3RD |
Cleveland Indians batting - Pitching for Cincinnati Reds : LHP Jeff Baker
|
Batting: LHB Hector Pedroso
|
0-0: Ball 1-0: Called Strike 1-1: Called Strike 1-2: Ball 2-2: Foul Ball, location: 2F 2-2: Foul Ball, location: 2F 2-2: Ball 3-2: Foul Ball, location: 2F 3-2: Foul Ball, location: 2F 3-2: Foul Ball, location: 2F 3-2: Foul Ball, location: 2F 3-2: Foul Ball, location: 2F 3-2: SINGLE (Groundball, 4MD, EV 105.0 MPH)
|
Batting: LHB Kyle Schaible
|
0-0: Ball 1-0: Foul Ball, location: 2F 1-1: Swinging Strike 1-2: Foul Ball, location: 2F 1-2: Ball 2-2: Strikes out swinging
|
Batting: RHB Tommy Baird
|
0-0: Ball 1-0: Swinging Strike 1-1: Fly out, F9 (Flyball, 89M, EV 78.8 MPH)
|
Batting: LHB Arvin Dungca
|
0-0: Called Strike 0-1: Ball 1-1: Called Strike 1-2: Ball Hector Pedroso steals 2nd base (no throw) 2-2: Fly out, F8 (Flyball, 8LM, EV 93.8 MPH)
|
Bottom of the 3rd over - 0 runs, 1 hit, 0 errors, 1 left on base; Cincinnati 0 - Cleveland 0 |
TOP OF THE 4TH |
Cincinnati Reds batting - Pitching for Cleveland Indians : RHP Ben Cole
|
Batting: LHB Chris Grunwald
|
0-0: Ball 1-0: Ball 2-0: Ball 3-0: Base on Balls
|
Batting: SHB Dave Barefoot
|
0-0: Fly out, F7 (Flyball, 7, EV 91.9 MPH)
|
Batting: LHB Ricky Ayon
|
0-0: Ball 1-0: Swinging Strike 1-1: Fly out, F9 (Flyball, 89M, EV 88.1 MPH)
|
Batting: SHB Saulo Maina
|
0-0: Swinging Strike 0-1: Ball 1-1: Ball 2-1: Fielders Choice at 2nd, 6-4 (Groundball, 6, EV 83.8 MPH)
|
Top of the 4th over - 0 runs, 0 hits, 0 errors, 1 left on base; Cincinnati 0 - Cleveland 0 |
BOTTOM OF THE 4TH |
Cleveland Indians batting - Pitching for Cincinnati Reds : LHP Jeff Baker
|
Batting: RHB Doug Hammertime
|
0-0: Fly out, F7 (Flyball, 78D, EV 88.1 MPH)
|
Batting: RHB Nick Ogle
|
0-0: Called Strike 0-1: Ball 1-1: Swinging Strike 1-2: Ball 2-2: Ground out 5-3 (Groundball, 56, EV 81.9 MPH)
|
Batting: SHB Merrick Geter
|
0-0: Called Strike 0-1: Ball 1-1: Ball 2-1: Ball 3-1: SINGLE (Line Drive, 6MD, EV 95.6 MPH)
|
Batting: RHB Drtian Thaqi
|
0-0: Ball 1-0: Swinging Strike 1-1: Fly out, F8 (Flyball, 8RM, EV 95.0 MPH)
|
Bottom of the 4th over - 0 runs, 1 hit, 0 errors, 1 left on base; Cincinnati 0 - Cleveland 0 |
TOP OF THE 5TH |
Cincinnati Reds batting - Pitching for Cleveland Indians : RHP Ben Cole
|
Batting: RHB Willie Lazcano
|
0-0: Ball 1-0: Ground out U3 (Groundball, 34, EV 106.2 MPH)
|
Batting: LHB Jon Ledesma
|
0-0: Called Strike 0-1: Ball 1-1: Ground out 4-3 (Groundball, 4, EV 76.2 MPH)
|
Batting: LHB Andy Arbuckle
|
0-0: Ball 1-0: Ball 2-0: Ball 3-0: Called Strike 3-1: Base on Balls
|
Batting: RHB Joseph Kirchmann
|
0-0: SINGLE (Groundball, 6MD, EV 98.1 MPH) Andy Arbuckle to second Runner from 2nd tries for 3rd, SAFE, throw by CF made to third
|
Batting: RHB Fred Slade
|
0-0: Ball 1-0: Called Strike 1-1: Called Strike 1-2: Reached on error, E2 (Groundball, 2R, EV 64.4 MPH) Andy Arbuckle scores Joseph Kirchmann to third
|
Batting: LHB Chris Grunwald
|
0-0: Called Strike 0-1: Swinging Strike 0-2: Ball 1-2: Foul Ball, location: 2F 1-2: Foul Ball, location: 2F 1-2: Foul Ball, location: 2F 1-2: Foul Ball, location: 2F 1-2: Foul Ball, location: 2F 1-2: Foul Ball, location: 2F 1-2: 3-RUN HOME RUN (Flyball, 78XD, EV 99.4 MPH), Distance : 391 ft
|
Batting: SHB Dave Barefoot
|
0-0: Ball 1-0: Called Strike 1-1: Ball 2-1: Foul Ball, location: 2F 2-2: Foul Ball, location: 2F 2-2: SINGLE (Flyball, 6D, EV 90.0 MPH)
|
Batting: LHB Ricky Ayon
|
0-0: Ball 1-0: Called Strike 1-1: SINGLE (Flyball, 34D, EV 90.0 MPH) Dave Barefoot to second Runner from 2nd tries for 3rd, SAFE, throw by RF made to third
|
Batting: SHB Saulo Maina
|
0-0: Ball 1-0: Ball 2-0: Called Strike 2-1: Foul Ball, location: 2F 2-2: Strikes out swinging
|
Top of the 5th over - 4 runs, 4 hits, 1 error, 2 left on base; Cincinnati 4 - Cleveland 0 |
BOTTOM OF THE 5TH |
Cleveland Indians batting - Pitching for Cincinnati Reds : LHP Jeff Baker
|
Batting: RHB Hiroshige Yamada
|
0-0: Called Strike 0-1: Ball 1-1: Ball 2-1: Called Strike 2-2: Ground out U3 (Groundball, 23, EV 88.1 MPH)
|
Batting: LHB Hector Pedroso
|
0-0: Called Strike 0-1: Ball 1-1: Called Strike 1-2: Strikes out swinging, 2-3 out at first.
|
Batting: LHB Kyle Schaible
|
0-0: Called Strike 0-1: Called Strike 0-2: Ball 1-2: Hit by Pitch
|
Batting: RHB Tommy Baird
|
0-0: Called Strike 0-1: Fielders Choice at 2nd, U4 (Groundball, 4M, EV 85.6 MPH)
|
Bottom of the 5th over - 0 runs, 0 hits, 0 errors, 1 left on base; Cincinnati 4 - Cleveland 0 |
TOP OF THE 6TH |
Cincinnati Reds batting - Pitching for Cleveland Indians : RHP Ben Cole
|
Batting: RHB Willie Lazcano
|
0-0: Called Strike 0-1: SINGLE (Flyball, 89S, EV 90.0 MPH)
|
Batting: LHB Jon Ledesma
|
0-0: Ball 1-0: Ball Willie Lazcano is caught stealing 2nd base 2-6 2-0: SINGLE (Groundball, 4D, EV 103.8 MPH)
|
Batting: LHB Andy Arbuckle
|
0-0: Swinging Strike 0-1: Foul Ball, location: 2F 0-2: Foul Ball, location: 2F 0-2: Foul Ball, location: 2F 0-2: Foul Ball, location: 2F 0-2: Ground out 5-3 (Groundball, 5S, EV 75.0 MPH) Jon Ledesma to second
|
Pitching: RHP Casey Truax
|
|
Batting: RHB Joseph Kirchmann
|
0-0: Called Strike 0-1: Fly out, F7 (Flyball, 7S, EV 87.5 MPH)
|
Top of the 6th over - 0 runs, 2 hits, 0 errors, 1 left on base; Cincinnati 4 - Cleveland 0 |
BOTTOM OF THE 6TH |
Cleveland Indians batting - Pitching for Cincinnati Reds : LHP Jeff Baker
|
Batting: LHB Arvin Dungca
|
0-0: Called Strike 0-1: Called Strike 0-2: Ball 1-2: Strikes out looking
|
Batting: RHB Doug Hammertime
|
0-0: Called Strike 0-1: Called Strike 0-2: Ground out U3 (Groundball, 3S, EV 68.1 MPH)
|
Batting: RHB Nick Ogle
|
0-0: Foul Ball, location: 2F 0-1: Called Strike 0-2: Strikes out swinging
|
Bottom of the 6th over - 0 runs, 0 hits, 0 errors, 0 left on base; Cincinnati 4 - Cleveland 0 |
TOP OF THE 7TH |
Cincinnati Reds batting - Pitching for Cleveland Indians : RHP Casey Truax
|
Batting: RHB Fred Slade
|
0-0: Called Strike 0-1: Swinging Strike 0-2: Ball 1-2: SINGLE (Flyball, 78S, EV 85.0 MPH)
|
Batting: LHB Chris Grunwald
|
0-0: Ball 1-0: Called Strike 1-1: Fly out, F9 (Flyball, 9D, EV 99.4 MPH)
|
Batting: SHB Dave Barefoot
|
0-0: Ball 1-0: Fly out, F8 (Flyball, 78M, EV 81.9 MPH)
|
Batting: LHB Ricky Ayon
|
0-0: Called Strike 0-1: Hit by Pitch Fred Slade to second
|
Batting: SHB Saulo Maina
|
0-0: Ball 1-0: Ball 2-0: Ground out 1-3 (Groundball, 15S, EV 62.5 MPH)
|
Top of the 7th over - 0 runs, 1 hit, 0 errors, 2 left on base; Cincinnati 4 - Cleveland 0 |
BOTTOM OF THE 7TH |
Cleveland Indians batting - Pitching for Cincinnati Reds : LHP Jeff Baker
|
Batting: SHB Merrick Geter
|
0-0: Ball 1-0: Foul Ball, location: 2F 1-1: Called Strike 1-2: Foul Ball, location: 2F 1-2: Ball 2-2: Ball 3-2: DOUBLE (Groundball, 3D, EV 94.4 MPH)
|
Pinch Runner at 2nd Edwin Madrid:
|
|
Batting: RHB Drtian Thaqi
|
0-0: Called Strike 0-1: Ball 1-1: Called Strike 1-2: Foul Ball, location: 2F 1-2: Ball 2-2: Ball 3-2: SINGLE (Flyball, 4D, EV 88.1 MPH) Edwin Madrid to third
|
Pitching: LHP Eddie Grape
|
|
Batting: RHB Hiroshige Yamada
|
0-0: Ball 1-0: Ball 2-0: Foul Ball, location: 2F 2-1: Called Strike 2-2: Grounds into double play, 4-6-3 (Groundball, 4M, EV 87.5 MPH) Edwin Madrid scores
|
Batting: LHB Hector Pedroso
|
0-0: Foul Ball, location: 2F 0-1: Ball 1-1: Swinging Strike 1-2: Ball 2-2: Strikes out looking
|
Bottom of the 7th over - 1 run, 2 hits, 0 errors, 0 left on base; Cincinnati 4 - Cleveland 1 |
TOP OF THE 8TH |
Cincinnati Reds batting - Pitching for Cleveland Indians : RHP Casey Truax
|
Pitching: RHP Dennis Beals
|
|
Now at 3B: Edwin Madrid
|
|
Batting: RHB Willie Lazcano
|
0-0: Foul Ball, location: 2F 0-1: Ball 1-1: Ball 2-1: Swinging Strike 2-2: Foul Ball, location: 2F 2-2: Foul Ball, location: 2F 2-2: Ball 3-2: Base on Balls
|
Batting: LHB Jon Ledesma
|
0-0: Sac Bunt to 56S - play at first, batter OUT! 1-3 Willie Lazcano to second
|
Batting: LHB Andy Arbuckle
|
0-0: Called Strike 0-1: Ball 1-1: Swinging Strike 1-2: 2-RUN HOME RUN (Flyball, 7D, EV 96.9 MPH), Distance : 387 ft
|
Batting: RHB Joseph Kirchmann
|
0-0: Fly out, F8 (Line Drive, 8RD, EV 94.4 MPH)
|
Batting: RHB Fred Slade
|
0-0: Called Strike 0-1: Called Strike 0-2: Ball 1-2: Ball 2-2: Foul Ball, location: 2F 2-2: Ball 3-2: Base on Balls
|
Batting: LHB Chris Grunwald
|
0-0: Ball 1-0: Foul Ball, location: 2F 1-1: Swinging Strike 1-2: Strikes out swinging
|
Top of the 8th over - 2 runs, 1 hit, 0 errors, 1 left on base; Cincinnati 6 - Cleveland 1 |
BOTTOM OF THE 8TH |
Cleveland Indians batting - Pitching for Cincinnati Reds : LHP Eddie Grape
|
Batting: LHB Kyle Schaible
|
0-0: Foul Ball, location: 2F 0-1: Ball 1-1: Foul Ball, location: 2F 1-2: Ball 2-2: Ball 3-2: Strikes out swinging
|
Batting: RHB Tommy Baird
|
0-0: Called Strike 0-1: Swinging Strike 0-2: Strikes out swinging
|
Batting: LHB Arvin Dungca
|
0-0: Called Strike 0-1: Ball 1-1: Foul Ball, location: 2F 1-2: Ball 2-2: Ball 3-2: Ground out U3 (Groundball, 34, EV 98.1 MPH)
|
Bottom of the 8th over - 0 runs, 0 hits, 0 errors, 0 left on base; Cincinnati 6 - Cleveland 1 |
TOP OF THE 9TH |
Cincinnati Reds batting - Pitching for Cleveland Indians : RHP Dennis Beals
|
Batting: SHB Dave Barefoot
|
0-0: SINGLE (Line Drive, 8LS, EV 105.6 MPH)
|
Batting: LHB Ricky Ayon
|
0-0: Swinging Strike 0-1: Ball 1-1: Ball 2-1: Swinging Strike 2-2: Strikes out swinging
|
Batting: SHB Saulo Maina
|
0-0: Ball 1-0: Called Strike 1-1: Swinging Strike 1-2: Ball 2-2: Strikes out swinging
|
Batting: RHB Willie Lazcano
|
0-0: Ball 1-0: Swinging Strike 1-1: Called Strike 1-2: Foul Ball, location: 2F 1-2: Foul Ball, location: 2F 1-2: Foul Ball, location: 2F 1-2: Ground out 5-3 (Groundball, 25, EV 84.4 MPH)
|
Top of the 9th over - 0 runs, 1 hit, 0 errors, 1 left on base; Cincinnati 6 - Cleveland 1 |
BOTTOM OF THE 9TH |
Cleveland Indians batting - Pitching for Cincinnati Reds : LHP Eddie Grape
|
Batting: RHB Doug Hammertime
|
0-0: Ground out U3 (Groundball, 3S, EV 81.9 MPH)
|
Batting: RHB Nick Ogle
|
0-0: Ball 1-0: Foul Ball, location: 2F 1-1: Called Strike 1-2: Foul Ball, location: 2F 1-2: Strikes out swinging
|
Batting: RHB Edwin Madrid
|
0-0: Called Strike 0-1: Ball 1-1: Ball 2-1: Ball 3-1: Foul Ball, location: 2F 3-2: Foul Ball, location: 2F 3-2: Foul Ball, location: 2F 3-2: Base on Balls
|
Batting: RHB Drtian Thaqi
|
0-0: Ball 1-0: Called Strike 1-1: Foul Ball, location: 2F 1-2: Ball 2-2: Foul Ball, location: 2F 2-2: Foul Ball, location: 2F 2-2: Strikes out swinging
|
Bottom of the 9th over - 0 runs, 0 hits, 0 errors, 1 left on base; Cincinnati 6 - Cleveland 1 |
|